 Dungeon Crawl Stone Soup version 0.28-a0-297-g99b01970c5 (webtiles) character file.

Game seed: 11848498956727981416

15705 Gargoyl the Fighter (level 12, -2/97 HPs)
             Began as a Gnoll Abyssal Knight on Aug 29, 2021.
             Was an Elder of Lugonu.
             Killed from afar by an oklob plant (37 damage)
             ... with a splash of acid
             ... on level 2 of the Lair of Beasts.
             The game lasted 00:13:23 (8054 turns).

Gargoyl the Fighter (Gnoll Abyssal Knight)          Turns: 8054, Time: 00:13:23

Health: -2/97      AC:  4    Str: 15    XL:     12   Next: 29%
Magic:  22/22      EV:  8    Int:  8    God:    Lugonu [****..]
Gold:   309        SH: 20    Dex: 25    Spells: 25/25 levels left

rFire   . . .      SeeInvis .   i - +2 hand axe (venom)
rCold   . . .      Faith    .   B - +2 tower shield
rNeg    + . .      Spirit   .   x - +3 chain mail "Qitiusyv" {Regen+ Int-4 Dex+6}
rPois   .          Reflect  .   e - +1 helmet
rElec   .          Harm     .   A - +0 cloak
rCorr   .          Rampage  .   C - +0 pair of gloves
Will    .....                   s - +0 pair of boots
Stlth   +.........              n - amulet of regeneration
HPRegen 3.26/turn               g - +6 ring of dexterity
MPRegen 0.18/turn               q - ring of positive energy

@: corroded
A: fangs 1, strong nose, distributed training, hooves 1, passive freeze, sense
surroundings 1, regeneration 1
a: Renounce Religion, Depart the Abyss, Bend Space, Banish, Corrupt


You were on level 2 of the Lair of Beasts.
You worshipped Lugonu.
Lugonu was greatly pleased with you.
You visited 2 branches of the dungeon, and saw 11 of its levels.
You visited the Abyss 1 time.
You also visited: Sewer.

You collected 691 gold pieces.
You spent 382 gold pieces at shops.

Inventory:

Hand Weapons
 c - a +0 broad axe of electrocution
 i - a +2 hand axe of venom (weapon)
 j - a +5 hand axe
Missiles
 d - 86 poisoned darts (quivered)
Armour
 e - a +1 helmet (worn)
 f - a +2 chain mail of cold resistance
 s - a +0 pair of boots (worn)
 x - the +3 chain mail "Qitiusyv" (worn) {Regen+ Int-4 Dex+6}
   (You found it on level 6 of the Dungeon)

   Int:       It affects your intelligence (-4).
   Dex:       It affects your dexterity (+6).
   Regen:     It increases your rate of health regeneration.
 A - a +0 cloak (worn)
 B - a +2 tower shield (worn)
 C - a +0 pair of gloves (worn)
Jewellery
 g - a +6 ring of dexterity (left hand)
 n - an amulet of regeneration (around neck)
 q - a ring of positive energy (right hand)
 t - a ring of protection from cold
 v - a ring of fire
 E - a +6 ring of strength
Wands
 a - a wand of polymorph (12)
 p - a wand of mindburst (9)
 y - a wand of flame (30)
 z - a wand of acid (9)
Scrolls
 b - 4 scrolls of teleportation
 m - 3 scrolls of magic mapping
 r - a scroll of fear
 G - a scroll of enchant armour
Potions
 h - a potion of invisibility
 k - 8 potions of curing
 l - a potion of magic
 o - a potion of flight
 u - 2 potions of ambrosia
 w - 5 potions of heal wounds
 D - a potion of brilliance
 F - 2 potions of haste


   Skills:
 + Level 9.7 Fighting
 + Level 7.1 Short Blades
 + Level 7.1 Long Blades
 + Level 8.6 Axes
 + Level 7.1 Maces & Flails
 + Level 7.1 Polearms
 + Level 7.1 Staves
 + Level 7.1 Slings
 + Level 7.1 Bows
 + Level 7.1 Crossbows
 + Level 7.1 Throwing
 + Level 8.6 Armour
 + Level 7.6 Dodging
 + Level 7.1 Stealth
 + Level 7.1 Shields
 + Level 7.1 Unarmed Combat
 + Level 7.1 Spellcasting
 + Level 5.9 Conjurations
 + Level 5.9 Hexes
 + Level 5.9 Summonings
 + Level 5.9 Necromancy
 + Level 5.9 Translocations
 + Level 5.9 Transmutations
 + Level 5.9 Fire Magic
 + Level 5.9 Ice Magic
 + Level 5.9 Air Magic
 + Level 5.9 Earth Magic
 + Level 5.9 Poison Magic
 + Level 9.1 Invocations
 + Level 7.1 Evocations


You had 25 spell levels left.
You didn't know any spells.
Your spell library contained the following spells:

 Spells                   Type           Power      Damage    Failure   Level
 Animate Skeleton         Necr           24%        N/A       94%         1
 Apportation              Tloc           24%        N/A       94%         1
 Corona                   Hex            13%        N/A       94%         1
 Summon Small Mammal      Summ           48%        N/A       94%         1
 Passwall                 Tmut/Erth      10%        N/A       98%         2
 Slow                     Hex            12%        N/A       98%         2
 Static Discharge         Conj/Air       12%        N/A       98%         2
 Confusing Touch          Hex            12%        N/A       100%        3
 Swiftness                Air            12%        N/A       100%        3
 Lightning Bolt           Conj/Air       6%         1d18      100%        5
 Yara's Violent Unravell  Hex/Tmut       6%         3d5       100%        5
 Invisibility             Hex            6%         N/A       100%        6
 Maxwell's Capacitive Co  Air            6%         ∞         100%        8
 Chain Lightning          Conj/Air       6%         3d8       100%        9
 Fire Storm               Conj/Fire      6%         8d2       100%        9


Dungeon Overview and Level Annotations

Branches:
Dungeon (9/15)             Temple (0/1) D:7            Lair (2/6) D:9
  Swamp (0/4) Lair:2        Sewer (visited)
  Snake: Lair:2-4    Spider: Lair:2-4       Orc: D:9-12

Altars:
Dithmenos
Uskayaw

Shops:
D:1 [([*   D:3 [   D:4 (   D:6 [   D:8 [!=

Annotations:
Lair:2 exclusion: oklob plant


Innate Abilities, Weirdness & Mutations

You have very sharp teeth.
Your uncanny sense of smell can sniff out nearby items.
Your experience applies equally to all skills.
You have large cloven feet.
A frigid envelope surrounds you and freezes all who hurt you.
You passively map a small area around you.
Your natural rate of healing is unusually fast.


Message History

The oklob plant looks as sick as possible!
The oklob plant is heavily damaged.
The oklob plant spits acid at you. The splash of acid hits you!!
The acid corrodes you!
You hit the oklob plant but do no damage.
You bite the oklob plant, but do no damage.
The oklob plant is heavily damaged.
The oklob plant spits acid at you. The splash of acid hits you!
The acid corrodes you!
You hit the oklob plant but do no damage.
The oklob plant is heavily damaged.
You hit the oklob plant but do no damage.
The oklob plant is severely damaged.
You hit the oklob plant but do no damage.
The oklob plant is severely damaged.
The oklob plant spits acid at you. The splash of acid hits you!
The acid corrodes you!
You hit the oklob plant but do no damage.
The oklob plant is severely damaged.
You hit the oklob plant but do no damage.
The oklob plant is severely damaged.
The oklob plant spits acid at you. You block the splash of acid.
You hit the oklob plant but do no damage.
You bite the oklob plant, but do no damage.
The oklob plant is severely damaged.
You hit the oklob plant but do no damage.
The oklob plant is severely damaged.
The oklob plant spits acid at you. The splash of acid hits you!!
The acid corrodes you!
You hit the oklob plant but do no damage.
You bite the oklob plant, but do no damage.
The oklob plant is severely damaged.
The oklob plant spits acid at you. The splash of acid hits you!
The acid corrodes you!
You hit the oklob plant but do no damage.
The oklob plant is severely damaged.
The oklob plant spits acid at you. The splash of acid hits you!!!
You die...

** ,.###......# * , , .......###.
* * * * * ##.....#..# , , ,, *
#### #......P..# P , #####..,
.........## ,
P.###..P.P######.....### ,
PPP.PPPP..P.#.##.......# * ,
PPP..P...P.....##.......
P..PPP.@........#....##. *
P####.P.##..P.......#### *
#..###PP.........# ###
#########...####
##########################......#
.................................
.......................).........
...............................#.
................................#


You could see an oklob plant (very poisoned).

Vanquished Creatures
  Nergalle (Lair:2)
  Joseph (Lair:1)
  A cane toad (Lair:1)
  3 komodo dragons
  15 blink frogs
  A wraith (D:9)
  11 yaks
  A shadow (D:9)
  2 basilisks
  6 water moccasins
  An acid dragon (D:9)
  3 orc warriors (D:7)
  A hornet zombie (D:5)
  A sky beast (D:7)
  2 black bears (D:9)
  A necrophage (D:4)
  2 ogres (D:7)
  A centaur (D:9)
  14 wolves
  A phantom (D:5)
  7 bullfrogs
  A gnoll sergeant (D:9)
  A water moccasin zombie (D:5)
  3 scorpions
  16 killer bees
  20 wights
  A bullfrog zombie (D:5)
  3 centaur zombies
  4 orc priests
  3 hounds
  2 bullfrog skeletons (D:5)
  Jessica (D:2)
  A centaur skeleton (D:6)
  5 iguanas
  4 orc wizards
  A killer bee zombie (D:7)
  3 gnolls (D:9)
  A river rat (D:4)
  6 adders
  A shadow imp (D:6)
  A white imp (D:6)
  A worm (D:4)
  2 dart slugs
  24 orcs
  3 endoplasms
  4 giant cockroaches
  2 goblins (D:1)
  3 hobgoblins
  2 jackals (Sewer)
  2 quokkas
  6 ball pythons
  6 bats
  3 frilled lizards
  8 kobolds
  9 rats
229 creatures vanquished.

Vanquished Creatures (others)
  23 fungi (D:9)
  A lurking horror (Abyss:1)
  27 plants
51 creatures vanquished.

Grand Total: 280 creatures vanquished

Notes
Turn   | Place    | Note
-------+----------+-------------------------------------------
     0 | Abyss:1  | Gargoyl the Gnoll Abyssal Knight began the quest for the
                  | Orb.
     0 | Abyss:1  | Reached XP level 1. HP: 23/23 MP: 3/3
    18 | Abyss:1  | Noticed a storm dragon simulacrum
    46 | Abyss:1  | Noticed an ancient zyme
    56 | Abyss:1  | Noticed a demonic crawler
    92 | Abyss:1  | Noticed a small abomination
    96 | Abyss:1  | Noticed a starcursed mass
   104 | D:1      | Escaped the Abyss
   430 | D:1      | Found Cobbeer's Weapon Boutique.
   481 | D:1      | Reached * piety under Lugonu
   482 | D:1      | Reached XP level 2. HP: 27/29 MP: 5/5
   621 | D:1      | Found Cosiaf's Antique Armour Boutique.
   643 | D:1      | Found Ylodiqai's Assorted Antiques.
   934 | D:1      | Reached XP level 3. HP: 35/35 MP: 6/6
  1082 | D:1      | Found Mieryrpho's Armour Emporium.
  1592 | D:2      | Reached skill level 1 in Short Blades
  1592 | D:2      | Reached skill level 1 in Long Blades
  1592 | D:2      | Reached skill level 1 in Maces & Flails
  1592 | D:2      | Reached skill level 1 in Polearms
  1592 | D:2      | Reached skill level 1 in Staves
  1592 | D:2      | Reached skill level 1 in Slings
  1592 | D:2      | Reached skill level 1 in Bows
  1592 | D:2      | Reached skill level 1 in Crossbows
  1592 | D:2      | Reached skill level 1 in Throwing
  1592 | D:2      | Reached skill level 1 in Stealth
  1592 | D:2      | Reached skill level 1 in Shields
  1592 | D:2      | Reached skill level 1 in Unarmed Combat
  1592 | D:2      | Reached skill level 1 in Spellcasting
  1592 | D:2      | Reached skill level 1 in Evocations
  1742 | D:2      | Reached XP level 4. HP: 41/41 MP: 7/7
  1773 | D:2      | Noticed Jessica
  1793 | D:2      | Killed Jessica
  2081 | D:2      | Reached skill level 1 in Conjurations
  2081 | D:2      | Reached skill level 1 in Hexes
  2081 | D:2      | Reached skill level 1 in Summonings
  2081 | D:2      | Reached skill level 1 in Necromancy
  2081 | D:2      | Reached skill level 1 in Translocations
  2081 | D:2      | Reached skill level 1 in Transmutations
  2081 | D:2      | Reached skill level 1 in Fire Magic
  2081 | D:2      | Reached skill level 1 in Ice Magic
  2081 | D:2      | Reached skill level 1 in Air Magic
  2081 | D:2      | Reached skill level 1 in Earth Magic
  2081 | D:2      | Reached skill level 1 in Poison Magic
  2423 | D:3      | Found Ozoa's Antique Armour Emporium.
  2741 | D:4      | Noticed a necrophage
  2757 | D:4      | Killed a necrophage
  2758 | D:4      | Reached XP level 5. HP: 21/47 MP: 8/8
  2969 | D:4      | Reached ** piety under Lugonu
  2970 | D:4      | Reached skill level 5 in Invocations
  2970 | D:4      | Reached XP level 6. HP: 53/53 MP: 9/9
  2980 | D:4      | Gained mutation: You are clumsy. (Dex -2) [potion of
                  | mutation]
  2980 | D:4      | Gained mutation: Your spells are a little easier to cast,
                  | but a little less powerful. [potion of mutation]
  2980 | D:4      | Lost mutation: You are clumsy. (Dex -2) [potion of
                  | mutation]
  2980 | D:4      | Gained mutation: You have a pair of small antennae on your
                  | head. [potion of mutation]
  2981 | D:4      | Lost mutation: Your spells are a little easier to cast, but
                  | a little less powerful. [potion of mutation]
  2981 | D:4      | Lost mutation: You have a pair of small antennae on your
                  | head. [potion of mutation]
  2981 | D:4      | Gained mutation: You expend magic power (3 MP) to
                  | strengthen your wands. [potion of mutation]
  2981 | D:4      | Gained mutation: You passively map a small area around you.
                  | [potion of mutation]
  2981 | D:4      | Gained mutation: You passively map the area around you.
                  | [potion of mutation]
  2982 | D:4      | Lost mutation: You expend magic power (3 MP) to strengthen
                  | your wands. [potion of mutation]
  2982 | D:4      | Lost mutation: You passively map the area around you.
                  | [potion of mutation]
  2982 | D:4      | Gained mutation: A frigid envelope surrounds you and
                  | freezes all who hurt you. [potion of mutation]
  2982 | D:4      | Gained mutation: You have large cloven feet. [potion of
                  | mutation]
  2982 | D:4      | Gained mutation: Your natural rate of healing is unusually
                  | fast. [potion of mutation]
  3064 | D:4      | Reached skill level 5 in Axes
  3064 | D:4      | Reached skill level 5 in Armour
  3079 | D:4      | Found a glowing drain.
  3088 | Sewer    | Entered a sewer
  3148 | Sewer    | Noticed a water moccasin
  3154 | Sewer    | Killed a water moccasin
  3323 | D:4      | Reached XP level 7. HP: 59/59 MP: 10/10
  3464 | D:4      | Found Nevva's Weapon Shoppe.
  3625 | D:5      | Entered Level 5 of the Dungeon
  3906 | D:5      | Found a shadowy altar of Dithmenos.
  4017 | D:5      | Reached XP level 8. HP: 65/67 MP: 12/12
  4577 | D:6      | Found Aschig's Armour Shop.
  4642 | D:6      | Identified the +3 chain mail "Qitiusyv" {Regen+ Int-4
                  | Dex+6}
  5201 | D:7      | Reached *** piety under Lugonu
  5207 | D:7      | Found a staircase to the Ecumenical Temple.
  5222 | D:7      | Reached XP level 9. HP: 72/72 MP: 14/14
  5335 | D:7      | Reached skill level 5 in Dodging
  5430 | D:7      | Found a hide-covered altar of Uskayaw.
  5859 | D:8      | Found Aschaek's Armour Shoppe.
  5886 | D:8      | Bought a +2 tower shield for 214 gold pieces
  5886 | D:8      | Bought a +0 pair of gloves for 58 gold pieces
  5985 | D:8      | Found Efocwuca's Distillery.
  5988 | D:8      | Bought 2 potions of heal wounds for 110 gold pieces
  6128 | D:8      | Reached XP level 10. HP: 75/79 MP: 17/17
  6146 | D:8      | Reached **** piety under Lugonu
  6149 | D:8      | Reached skill level 5 in Short Blades
  6149 | D:8      | Reached skill level 5 in Long Blades
  6149 | D:8      | Reached skill level 5 in Maces & Flails
  6149 | D:8      | Reached skill level 5 in Polearms
  6149 | D:8      | Reached skill level 5 in Staves
  6149 | D:8      | Reached skill level 5 in Slings
  6149 | D:8      | Reached skill level 5 in Bows
  6149 | D:8      | Reached skill level 5 in Crossbows
  6149 | D:8      | Reached skill level 5 in Throwing
  6149 | D:8      | Reached skill level 5 in Stealth
  6149 | D:8      | Reached skill level 5 in Shields
  6149 | D:8      | Reached skill level 5 in Unarmed Combat
  6149 | D:8      | Reached skill level 5 in Spellcasting
  6149 | D:8      | Reached skill level 5 in Evocations
  6229 | D:8      | Found Hiusaimi's Jewellery Shoppe.
  6435 | D:9      | Found a staircase to the Lair.
  6991 | Lair:1   | Entered Level 1 of the Lair of Beasts
  7034 | Lair:1   | Reached XP level 11. HP: 87/87 MP: 19/19
  7121 | Lair:1   | Reached skill level 5 in Conjurations
  7121 | Lair:1   | Reached skill level 5 in Hexes
  7121 | Lair:1   | Reached skill level 5 in Summonings
  7121 | Lair:1   | Reached skill level 5 in Necromancy
  7121 | Lair:1   | Reached skill level 5 in Translocations
  7121 | Lair:1   | Reached skill level 5 in Transmutations
  7121 | Lair:1   | Reached skill level 5 in Fire Magic
  7121 | Lair:1   | Reached skill level 5 in Ice Magic
  7121 | Lair:1   | Reached skill level 5 in Air Magic
  7121 | Lair:1   | Reached skill level 5 in Earth Magic
  7121 | Lair:1   | Reached skill level 5 in Poison Magic
  7199 | Lair:1   | Noticed Joseph
  7215 | Lair:1   | Killed Joseph
  7330 | Lair:1   | You fall into a shaft and drop 1 floor!
  7349 | Lair:2   | Noticed a five-headed hydra
  7353 | Lair:2   | Banished a five-headed hydra
  7433 | Lair:2   | Noticed a four-headed hydra
  7434 | Lair:2   | Found a staircase to the Swamp.
  7436 | Lair:2   | Banished a four-headed hydra
  7510 | Lair:2   | Noticed a six-headed hydra
  7511 | Lair:2   | Banished a six-headed hydra
  7512 | Lair:2   | Reached XP level 12. HP: 96/96 MP: 17/22
  7790 | Lair:2   | Noticed Nergalle
  7806 | Lair:2   | Killed Nergalle
  7935 | Lair:2   | Noticed a four-headed hydra
  7939 | Lair:2   | Banished a four-headed hydra
  8054 | Lair:2   | Killed from afar by an oklob plant

Illustrated notes

Levels and vault maps discovered:
D:1:      scummos_arrival_forest, layout_rooms, serial_forest,
          infiniplex_forest_clump_double, infiniplex_forest_clump_diagonal,
          infiniplex_forest_pool, infiniplex_forest_zigzag_2,
          infiniplex_forest_end_1, serial_shops, shop,
          nicolae_shop_overgrown_old_shop, nicolae_lakefront_shop, shop,
          columned_hall_lemuel
D:2:      layout_basic, palyth_stone_intersect, chequers_decorated_corner,
          uniq_jessica
D:3:      layout_basic, serial_shops, nicolae_shop_crystal,
          lemuel_another_geyser
D:4:      layout_loops_cross, serial_shops, nicolae_shop_behind_doors,
          cheibrodos_sewer_entry_sluice
D:5:      layout_basic, grunt_dithmenos_smoke_and_mirrors, st_stairs_8,
          kennysheep_crisscross
D:6:      layout_cave_pods, serial_shops, shop
D:7:      layout_rooms, nicolae_uskayaw_dance_hall, minmay_temple_entry_slanted,
          grunt_ogre_cave, minmay_misc_feat_more_columns
D:8:      layout_basic, serial_shops, kennysheep_mini, shop, shop
D:9:      layout_irregular_city, due_lair_maze_entry_diamond
Lair:1:   layout_small_grid, chequers_serial_rivers_room_b, grunt_megastairs_5,
          infiniplex_staircase_pool_2, serial_bayou_shore_b, uniq_joseph
Lair:2:   minmay_lair_oklob_tunnel, layout_layer_cave,
          minmay_swamp_entry_reptiles, st_stairs_10,
          grunt_forest_small_clearing_treed, uniq_nergalle

Skill      XL: |  1  2  3  4  5  6  7  8  9 10 11 12 |
---------------+-------------------------------------+-----
Short Blades   | 1 2 3 4 5 6 7 |  7.1
Long Blades    | 1 2 3 4 5 6 7 |  7.1
Maces & Flails | 1 2 3 4 5 6 7 |  7.1
Polearms       | 1 2 3 4 5 6 7 |  7.1
Staves         | 1 2 3 4 5 6 7 |  7.1
Slings         | 1 2 3 4 5 6 7 |  7.1
Bows           | 1 2 3 4 5 6 7 |  7.1
Crossbows      | 1 2 3 4 5 6 7 |  7.1
Throwing       | 1 2 3 4 5 6 7 |  7.1
Stealth        | 1 2 3 4 5 6 7 |  7.1
Shields        | 1 2 3 4 5 6 7 |  7.1
Unarmed Combat | 1 2 3 4 5 6 7 |  7.1
Spellcasting   | 1 2 3 4 5 6 7 |  7.1
Evocations     | 1 2 3 4 5 6 7 |  7.1
Conjurations   | 1 2 3 4 5 |  5.9
Hexes          | 1 2 3 4 5 |  5.9
Summonings     | 1 2 3 4 5 |  5.9
Necromancy     | 1 2 3 4 5 |  5.9
Translocations | 1 2 3 4 5 |  5.9
Transmutations | 1 2 3 4 5 |  5.9
Fire Magic     | 1 2 3 4 5 |  5.9
Ice Magic      | 1 2 3 4 5 |  5.9
Air Magic      | 1 2 3 4 5 |  5.9
Earth Magic    | 1 2 3 4 5 |  5.9
Poison Magic   | 1 2 3 4 5 |  5.9
Dodging        | 3 4 5 6 7 |  7.6
Invocations    | 5 6 7 8 9 |  9.1
Axes           | 5 6 7 8 |  8.6
Armour         | 5 6 7 8 |  8.6
Fighting       | 7 8 9 |  9.7

Action                   |  1- 3 |  4- 6 |  7- 9 | 10-12 || total
-------------------------+-------+-------+-------+-------++-------
Melee: Hand axe          |    95 |    86 |   252 |   274 ||   707
       Bite              |     6 |     7 |    47 |    44 ||   104
       Kick              |       |    10 |   108 |    97 ||   215
       Punch             |       |       |     1 |       ||     1
Throw: Dart              |       |     2 |       |     6 ||     8
Invok: Depart the Abyss  |     1 |       |       |       ||     1
       Banish            |       |       |       |     5 ||     5
  Use: Scroll            |     1 |     5 |    12 |     4 ||    22
       Potion            |       |     5 |     1 |       ||     6
Armor: Chain mail        |    63 |    46 |   150 |   153 ||   412
Dodge: Dodged            |    38 |    28 |   113 |    65 ||   244
Block: Buckler           |       |       |    61 |       ||    61
       Tower shield      |       |       |    56 |   357 ||   413

Table legend: (Time is in decaauts)
 A = Elapsed time spent in this place.
 B = Non-inter-level travel time spent in this place.
 C = Inter-level travel time spent in this place.
 D = Time resting spent in this place.
 E = Time spent auto-exploring this place.
 F = Levels seen in this place.
 G = Mean time per level.
                   A        B        C        D        E       F      G
               +--------+--------+--------+--------+--------+-----+--------+
         Total |   8178 |   8016 |    162 |    114 |   5879 |  13 |  629.1 |
       Dungeon |   6845 |   6684 |    161 |    114 |   5059 |   9 |  760.6 |
          Lair |   1106 |   1106 |      0 |      0 |    727 |   2 |  553.0 |
         Abyss |    104 |    104 |      0 |      0 |     18 |   1 |  104.0 |
         Sewer |    122 |    122 |      0 |      0 |     75 |   1 |  122.0 |
               +--------+--------+--------+--------+--------+-----+--------+

Top non-repeatable levels by time:
     D:1: 1087 daAuts
     D:2: 970 daAuts
     D:6: 854 daAuts
     D:4: 770 daAuts
  Lair:2: 745 daAuts
     D:9: 738 daAuts
     D:7: 670 daAuts
     D:5: 670 daAuts
     D:3: 593 daAuts
     D:8: 489 daAuts
  Lair:1: 361 daAuts
   Sewer: 122 daAuts
 Abyss:1: 104 daAuts
